 Dungeon Crawl Stone Soup version 0.31-a0-496-g6f97920a28 (webtiles) character file.

Game seed: 8824865122938700813

919 randomguy2701 the Thaumaturge (level 7, -7/36 HPs)
             Began as a Deep Elf Necromancer on Aug 9, 2023.
             Was a Follower of Sif Muna.
             Shot with an arrow by a centaur (9 damage)
             ... on level 7 of the Dungeon.
             The game lasted 00:17:40 (6285 turns).

randomguy2701 the Thaumaturge (DENe)                Turns: 6285, Time: 00:17:41

Health: -7/36      AC:  2    Str:  5    XL:     7   Next: 83%
Magic:  19/21      EV: 13    Int: 22    God:    Sif Muna [*.....]
Gold:   259        SH:  0    Dex: 15    Spells: 16/24 levels left

rFire   . . .        z - staff of conjuration
rCold   . . .        (no shield)
rNeg    + . .        a - +0 robe
rPois   .            (no helmet)
rElec   .            (no cloak)
rCorr   +            (no gloves)
SInv    .            (no boots)
Will    .....        x - amulet of magic regeneration
Stlth   ++           c - ring of positive energy
HPRegen 0.26/turn    r - ring of resist corrosion
MPRegen 0.57/turn

%: no passive effects
@: no status effects
A: no striking features
a: Renounce Religion, Channel Magic


You were on level 7 of the Dungeon.
You worshipped Sif Muna.
Sif Muna was aware of your devotion.
You visited 2 branches of the dungeon, and saw 8 of its levels.
You also visited: Sewer and Ossuary.

You collected 259 gold pieces.

Inventory:

Armour
 a - a +0 robe (worn)
Magical Staves
 z - a staff of conjuration (weapon)
Jewellery
 c - a ring of positive energy (left hand)
 r - a ring of resist corrosion (right hand)
 x - an amulet of magic regeneration (around neck)
Wands
 m - a wand of iceblast (7)
 w - a wand of acid (4)
 y - a wand of paralysis (9)
Scrolls
 d - a scroll of revelation {unknown}
 e - a scroll of enchant armour {unknown}
 f - a scroll of amnesia {unknown}
 g - a scroll of brand weapon {unknown}
 j - 2 scrolls of teleportation
 p - a scroll of blinking {unknown}
 q - a scroll of poison {unknown}
 s - 2 scrolls of fog {unknown}
 t - 2 scrolls of identify
 v - a scroll of vulnerability {unknown}
 A - a scroll of enchant weapon {unknown}
Potions
 b - 2 potions of magic
 h - 3 potions of haste
 i - a potion of lignification {unknown}
 k - 3 potions of enlightenment
 l - 2 potions of brilliance {unknown}
 n - a potion of resistance {unknown}
 o - 3 potions of curing
 u - a potion of degeneration {unknown}


   Skills:
 + Level 2.8 Dodging
 + Level 3.2 Stealth
 + Level 9.2 Spellcasting
 * Level 0.2 Summonings
 - Level 8.2 Necromancy
 * Level 0.2 Invocations
 - Level 0.2 Evocations


You had 16 spell levels left.
You knew the following spells:

 Your Spells              Type           Power      Damage    Failure   Level
a - Necrotise             Necr           100%       1d9       1%          1
b - Summon Hydra          Summ           5%         N/A       100%        7

Your spell library contained the following spells:

 Spells                   Type           Power      Damage    Failure   Level
 Sublimation of Blood     Necr           46%        N/A       1%          2
 Vampiric Draining        Necr           46%        2d9       1%          3
 Animate Dead             Necr           46%        N/A       2%          4
 Agony                    Necr           46%        N/A       6%          5
 Slow                     Hex            40%        N/A       7%          1
 Wereblood                Tmut           10%        N/A       10%         2
 Confusing Touch          Hex            10%        N/A       21%         3


Dungeon Overview and Level Annotations

Branches:
Dungeon (7/15)             Temple (1/1) D:4           Sewer (visited)
Ossuary (visited)

Altars:
Ashenzari
Cheibriados
Dithmenos
Fedhas
Gozag
Hepliaklqana
Makhleb
Nemelex Xobeh
Okawaru
Qazlal
Ru
Sif Muna
Trog
Uskayaw
Vehumet
Xom
Yredelemnul
Zin
The Shining One

Shops:
D:6 ??[!*   D:7 !

Annotations:
D:6 2 transporters, hashsling's ghost, novice HuNe


Message History

The shadow imp hits you but does no damage.
You hit the shadow imp.
The shadow imp is almost dead.
The shadow imp hits you but does no damage.
The shadow imp hits you.
You barely miss the shadow imp.
The shadow imp is almost dead.
The shadow imp barely misses you.
You hit the shadow imp.
You kill the shadow imp!
Sif Muna accepts your kill.
You start resting.
HP restored.
You can't see any susceptible monsters within range! (Use Z to cast anyway.)
The centaur shouts!
The centaur wields a +0 orcbow.
The centaur shoots an arrow.
The arrow closely misses you.
You see here a +0 buckler.
The centaur writhes in agony.
The centaur shoots an arrow.
The arrow barely misses you.
The centaur writhes in agony!
The centaur shoots an arrow.
The arrow hits you!
The centaur shoots an arrow.
The arrow hits you!
You are too injured to fight recklessly!
You are too injured to fight recklessly!
You are too injured to fight recklessly!
You are too injured to fight recklessly!
Casting: Necrotise (safe; 1% risk of failure)
Confirm with . or Enter, or press ? or * to list all spells.
Aiming: Necrotise (safe; 1% risk of failure)
Press: ? - help, Shift-Dir - straight line, f/p - centaur
Aim: a centaur, wielding a +0 orcbow (heavily wounded, chance to affect: 83%)
The centaur writhes in agony.
The centaur shoots an arrow.
The arrow hits you!
* * * LOW HITPOINT WARNING * * *
Casting: Necrotise (safe; 1% risk of failure)
Confirm with . or Enter, or press ? or * to list all spells.
Aiming: Necrotise (safe; 1% risk of failure)
Press: ? - help, Shift-Dir - straight line, f/p - centaur
Aim: a centaur, wielding a +0 orcbow (severely wounded, chance to affect: 83%)
The centaur barely resists.
The centaur shoots an arrow.
The arrow hits you!
You die...

#.#####.#.#.# #.#
#..#.#. #####.# #.#.#.#
#<....#####..#.#.
#####.......#.#.#
#.......+#.#.
#.......#.#.#
############.......+#.#.
...c...@...........#.#.#
########..............#.
#...$.........#.#
#............. #.
#.........../ .
#............
########..... ####+


You could see a centaur.

Vanquished Creatures
  A water moccasin (Sewer)
  A phantom (D:6)
  A bullfrog (D:6)
  A wight (D:6)
  A howler monkey (D:6)
  3 hounds (D:4)
  A gnoll bouda (D:6)
  7 iguanas
  Terence (D:3)
  An orc wizard (D:3)
  Natasha (thrice) (D:3)
  3 adders
  3 gnolls (D:6)
  A shadow imp (D:7)
  3 worms
  14 orcs
  4 endoplasms
  3 giant cockroaches
  2 goblins
  7 hobgoblins
  8 jackals
  3 kobolds
  5 quokkas
  12 ball pythons
  4 bats
  2 frilled lizards
  A hobgoblin zombie (Ossuary)
  4 rats
100 creatures vanquished.

Vanquished Creatures (collateral kills)
  An endoplasm (D:1)
  A jackal (D:2)
  A frilled lizard (D:1)
  A goblin (D:3)
  A rat (D:6)
5 creatures vanquished.

Grand Total: 105 creatures vanquished

Notes
Turn   | Place    | Note
-------+----------+-------------------------------------------
     0 | D:1      | randomguy2701 the Deep Elf Necromancer began the quest for
                  | the Orb.
     0 | D:1      | Reached XP level 1. HP: 10/10 MP: 6/6
    67 | D:1      | Found a faded altar of an unknown god.
   150 | D:1      | Reached skill level 5 in Necromancy
   330 | D:1      | Reached XP level 2. HP: 15/15 MP: 5/8
  1056 | D:2      | Reached XP level 3. HP: 19/19 MP: 7/10
  1141 | D:2      | Reached skill level 4 in Spellcasting
  1745 | D:2      | You fall into a shaft and drop 2 floors!
  2014 | D:4      | Reached XP level 4. HP: 23/24 MP: 6/12
  2221 | D:4      | Reached skill level 5 in Spellcasting
  2436 | D:4      | Reached XP level 5. HP: 28/28 MP: 8/14
  2818 | D:4      | Found a burning altar of Makhleb.
  2824 | D:4      | Found a glowing silver altar of Zin.
  2824 | D:4      | Noticed an angel
  2825 | D:4      | Noticed a blizzard demon
  2964 | D:4      | Reached skill level 6 in Spellcasting
  3094 | D:4      | Found a staircase to the Ecumenical Temple.
  3353 | Temple   | Entered the Ecumenical Temple
  3360 | Temple   | Became a worshipper of Sif Muna the Loreminder
  3492 | D:3      | Noticed Natasha
  3496 | D:3      | Killed Natasha
  3626 | D:3      | Found a glowing golden altar of the Shining One.
  3629 | D:3      | Reached XP level 6. HP: 32/32 MP: 14/17
  3677 | D:3      | Noticed Natasha
  3682 | D:3      | Killed Natasha
  3741 | D:3      | Noticed Natasha
  3744 | D:3      | Killed Natasha
  4239 | D:3      | Noticed Terence
  4274 | D:3      | Killed Terence
  4357 | D:3      | Reached skill level 7 in Spellcasting
  4748 | D:5      | Entered Level 5 of the Dungeon
  4965 | D:5      | Found a sacrificial altar of Ru.
  5039 | D:6      | Found Yzaano Quren's Magic Scroll Emporium.
  5047 | D:6      | Found a transporter.
  5058 | D:6      | Noticed hashsling's ghost (novice HuNe)
  5062 | D:6      | Found a glowing drain.
  5077 | Sewer    | Entered a sewer
  5140 | Sewer    | Noticed a water moccasin
  5151 | Sewer    | Killed a water moccasin
  5151 | Sewer    | Reached * piety under Sif Muna
  5152 | Sewer    | Reached XP level 7. HP: 26/36 MP: 13/20
  5301 | D:6      | Found a transporter.
  5301 | D:6      | Noticed a vampire
  5309 | D:6      | Found Pihotuiv's Distillery.
  5318 | D:6      | Found Bemymaese's Armour Emporium.
  5360 | D:6      | Noticed a komodo dragon
  5415 | D:6      | Reached skill level 8 in Spellcasting
  5506 | D:6      | Found Hoth's Magic Scroll Shop.
  5512 | D:6      | Found a sand-covered staircase.
  5553 | Ossuary  | Entered an ossuary
  5686 | D:6      | Found Eqiez's Assorted Antiques.
  5884 | D:7      | Found Biepab's Distillery.
  5888 | D:7      | Reached skill level 9 in Spellcasting
  5989 | D:7      | Learned a level 7 spell: Summon Hydra
  6285 | D:7      | Shot with an arrow by a centaur

Illustrated notes

Levels and vault maps discovered:
D:1:      minmay_arrival_wavy_path, layout_basic, ebering_ecumenical_altar_hall
D:2:      layout_basic, nicolae_eternal_life
D:3:      layout_loops_ring, nicolae_tso_swordbearing_angel, grunt_decor_cap,
          st_stairs_5, uniq_natasha, uniq_terence
D:4:      layout_basic, grunt_temple_overflow_order_and_chaos_2,
          lemuel_temple_firewalk_b
D:5:      layout_rooms, mainiacjoe_overflow_six_doors_small,
          minmay_misc_feat_rows, uniq_grinder
D:6:      layout_basic, cheibrodos_sewer_entry_drain, serial_shops,
          nicolae_stop_n_shop_1, shop, shop, shop, kennysheep_mini_moat,
          enter_ossuary_3, gammafunk_ghost_arena, roderic_lattice_a
D:7:      kennysheep_windowed_halls, layout_basic, serial_shops, shop
Temple:   hellmonk_temple_of_storms

Skill      XL: |  1  2  3  4  5  6  7 |
---------------+----------------------+-----
Necromancy     | 5 6 7 8 |  8.2
Spellcasting   | 4 5 6 7 9 |  9.2
Stealth        | 3 |  3.2
Dodging        | |  2.8
Summonings     | |  0.2
Invocations    | |  0.2
Evocations     | |  0.2

Action                     |  1- 3 |  4- 6 |  7- 9 || total
---------------------------+-------+-------+-------++-------
  Melee: Staff             |       |       |    17 ||    17
         Unarmed           |       |       |    10 ||    10
   Cast: Necrotise         |    50 |   146 |    43 ||   239
  Evoke: Wand              |       |       |     3 ||     3
    Use: Scroll            |       |       |     4 ||     4
 Armour: Robe              |     2 |     5 |     7 ||    14
  Dodge: Dodged            |     5 |     9 |    26 ||    40

Table legend: (Time is in decaauts)
 A = Elapsed time spent in this place.
 B = Non-inter-level travel time spent in this place.
 C = Inter-level travel time spent in this place.
 D = Time resting spent in this place.
 E = Time spent auto-exploring this place.
 F = Levels seen in this place.
 G = Mean time per level.
                   A        B        C        D        E       F      G
               +--------+--------+--------+--------+--------+-----+--------+
         Total |   6299 |   5952 |    347 |    103 |   4642 |  10 |  629.9 |
       Dungeon |   6035 |   5689 |    346 |    103 |   4466 |   7 |  862.1 |
        Temple |     14 |     14 |      0 |      0 |      0 |   1 |   14.0 |
         Sewer |    213 |    213 |      0 |      0 |    176 |   1 |  213.0 |
       Ossuary |     34 |     34 |      0 |      0 |      0 |   1 |   34.0 |
               +--------+--------+--------+--------+--------+-----+--------+

Top non-repeatable levels by time:
     D:4: 1703 daAuts
     D:3: 1146 daAuts
     D:2: 1115 daAuts
     D:1: 768 daAuts
     D:6: 608 daAuts
     D:7: 404 daAuts
     D:5: 288 daAuts
   Sewer: 213 daAuts
 Ossuary: 34 daAuts
  Temple: 14 daAuts
